 Dungeon Crawl Stone Soup version 0.23.2-1-ga50397a (webtiles) character file.

Game seed: 4699673889501237774

167 doot the Slasher (level 5, -7/38 HPs)
             Began as a Vampire Gladiator on Apr 26, 2019.
             Mangled by a worm (9 damage)
             ... on level 3 of the Dungeon.
             The game lasted 00:02:42 (1125 turns).

doot the Slasher (Vampire Gladiator)                Turns: 1125, Time: 00:02:43

Health: -7/38      AC:  4    Str: 13    XL:     5   Next: 23%
Magic:  5/5        EV: 14    Int: 10    God:
Gold:   52         SH:  0    Dex: 17    Spells: 4/4 levels left

rFire    . . .     SeeInvis +   a - +0 long sword
rCold    . . .     Gourm    .   (no shield)
rNeg     . . .     Faith    .   b - +0 leather armour
rPois    .         Spirit   .   c - +0 helmet
rElec    .         Reflect  .   (no cloak)
rCorr    .         Harm     .   (no gloves)
MR       .....                  (no boots)
Stlth    ++........             (no amulet)
HPRegen  0.32/turn              (no ring)
MPRegen  0.09/turn              (no ring)

@: regenerating quickly
A: fangs 3, see invisible, unbreathing
a: no special abilities


You were on level 3 of the Dungeon.
You were full.

You visited 1 branch of the dungeon, and saw 4 of its levels.

You collected 52 gold pieces.

Inventory:

Hand Weapons
 a - a +0 long sword (weapon)
 e - a +4 dagger
Missiles
 d - 3 throwing nets (quivered)
Armour
 b - a +0 leather armour (worn)
 c - a +0 helmet (worn)
Scrolls
 f - a scroll of magic mapping {unknown}
 g - 4 scrolls of identify {unknown}
 h - a scroll of teleportation {unknown}
 j - a scroll of fear {unknown}
 k - a scroll of remove curse {unknown}
Potions
 l - a potion of curing {unknown}


   Skills:
 + Level 2.1 Fighting
 + Level 4.4 Long Blades
 + Level 1.7 Throwing
 + Level 1.5 Armour
 + Level 4.2 Dodging
 + Level 1.4 Stealth


You had 4 spell levels left.
You didn't know any spells.
Your spell library contained the following spells:

 Spells                   Type           Power        Failure   Level  Hunger
 Magic Dart               Conj           #...         43%         1    ##.....
 Blink                    Tloc           N/A          58%         2    ###....
 Call Imp                 Summ           #.......     58%         2    ###....
 Slow                     Hex            #.......     58%         2    ###....
 Conjure Flame            Conj/Fire      #.......     82%         3    ####...
 Mephitic Cloud           Conj/Pois/Air  #.......     82%         3    ####...


Dungeon Overview and Level Annotations

Branches:
Dungeon (4/15)
 Temple: D:4-7

Altars:
Qazlal

Annotations:
D:4 1 runed translucent door, DungeonDestroyer's ghost, amateur GnSk


Innate Abilities, Weirdness & Mutations

Your natural rate of healing is unusually fast.
You have razor-sharp teeth.
You have supernaturally acute eyesight. (SInv)
You can survive without breathing.


Message History

The orc wizard blinks!
The orc wizard is no longer moving quickly.
The orc wizard casts a spell at you. The magic dart hits you.
* * * LOW HITPOINT WARNING * * *
There is a stone staircase leading up here.
The orc misses you. The orc barely misses you.
You climb upwards.
The worm misses you.
You riposte.
You hit the worm but do no damage.
There is a stone staircase leading down here.
Unknown command.
You slash the worm!
The worm is heavily wounded.
The worm bites you.
* * * LOW HITPOINT WARNING * * *
You feel yourself speed up. The worm bites you!
* * * LOW HITPOINT WARNING * * *
The worm bites you!
You die...

.<# ..# #.# #.###
....# ....#
.?..################
................@.>##
.....######......w..#
.....# #......#..#
#..### #...#######
...# #...# #### #...#
#...# #...#
######...######


You could see a worm.

Vanquished Creatures
  An ogre (D:4)
  An orc priest (D:4)
  2 adders (D:2)
  2 worms
  An orc (D:4)
  4 giant cockroaches
  4 hobgoblins
  2 jackals (D:2)
  7 kobolds
  4 ball pythons
  A bat (D:1)
  2 frilled lizards
  4 goblins (D:1)
  3 rats (D:1)
38 creatures vanquished.

Notes
Turn   | Place    | Note
-------+----------+-------------------------------------------
     0 | D:1      | doot the Vampire Gladiator began the quest for the Orb.
     0 | D:1      | Reached XP level 1. HP: 16/16 MP: 1/1
   237 | D:1      | Reached XP level 2. HP: 19/22 MP: 2/2
   622 | D:2      | Found a stormy altar of Qazlal.
   696 | D:2      | Reached XP level 3. HP: 18/27 MP: 3/3
   891 | D:4      | Found a runed translucent door.
   891 | D:4      | Noticed DungeonDestroyer's ghost (amateur GnSk)
   941 | D:4      | Noticed an ogre
   954 | D:4      | Killed an ogre
   954 | D:4      | Reached skill level 1 in Armour
   954 | D:4      | Reached skill level 1 in Stealth
   954 | D:4      | Reached XP level 4. HP: 33/33 MP: 4/4
  1074 | D:4      | Reached XP level 5. HP: 23/38 MP: 5/5
  1125 | D:3      | Mangled by a worm

Skill      XL: |  1  2  3 |
---------------+----------+-----
Fighting       | 2 |  2.1
Long Blades    | 4 |  4.4
Armour         | 1 |  1.5
Dodging        | 4 |  4.2
Stealth        | 1 |  1.4
Throwing       | |  1.7

Action                   |  1- 3 |  4- 6 || total
-------------------------+-------+-------++-------
Melee: Long sword        |   106 |    15 ||   121
       Bite              |    18 |     3 ||    21
  Use: Potion            |     5 |       ||     5
 Stab: Sleeping          |       |     1 ||     1
  Eat: Corpse            |     5 |       ||     5
Armor: Leather armour    |    37 |     2 ||    39
       Skin              |     3 |       ||     3
Dodge: Dodged            |   101 |    13 ||   114
       Rpst.: Long sword |    31 |     4 ||    35
